 Dungeon Crawl Stone Soup version 0.19-a0-231-gae044c8 (webtiles) character file.

179 oplop the Sneak (level 5, -4/35 HPs)
             Began as a Vampire Enchanter on May 25, 2016.
             Slain by an orc warrior
             ... wielding a +0 dire flail
              (23 damage)
             ... on level 4 of the Dungeon.
             The game lasted 00:05:11 (2511 turns).

oplop the Sneak (Vampire Enchanter)                 Turns: 2511, Time: 00:05:11

Health: -4/35      AC:  7    Str:  7    XL:     5   Next: 32%
Magic:  7/9        EV: 12    Int: 21    God:
Gold:   155        SH:  0    Dex: 15    Spells: 2 memorised, 7 levels left

rFire  + . .     SeeInvis +     a - +1 dagger
rCold  + + .     Gourm    .     o - +1 robe {rF+}
rNeg   + + +     Faith    .     (no shield)
rPois  +         Spirit   .     v - +1 helmet {Int+3}
rElec  .         Dismiss  .     (no cloak)
rCorr  .         Reflect  .     w - +0 pair of gloves
SustAt .         Harm     .     j - +0 pair of boots
MR     .....                    (no amulet)
Stlth  ++++......               (no ring)
                                (no ring)

@: regenerating slowly, not resistant to hostile enchantments, stealthy
A: fangs 3, see invisible, unbreathing
a: Bat Form


You were on level 4 of the Dungeon.
You were near bloodless.

You visited 1 branch of the dungeon, and saw 4 of its levels.

You collected 155 gold pieces.

Inventory:

Hand Weapons
 a - a +1 dagger (weapon)
Missiles
 r - 2 throwing nets (quivered)
Armour
 b - a +1 robe
 j - a +0 pair of boots (worn)
 o - a +1 robe of fire resistance (worn)
 v - a +1 helmet of intelligence (worn)
 w - a +0 pair of gloves (worn)
Jewellery
 u - an uncursed amulet of dismissal {unknown}
Wands
 k - a wand of iceblast (6/15)
 s - a wand of lightning (9/15)
Scrolls
 f - a scroll of recharging {unknown}
 g - a scroll of enchant weapon {unknown}
 i - 3 scrolls of remove curse {unknown}
 m - 4 scrolls of blinking {unknown}
 n - 2 scrolls of teleportation {unknown}
Potions
 d - 2 potions of blood
 e - a potion of resistance {unknown}
 h - 4 potions of curing
 l - a potion of magic {unknown}
 p - a potion of agility {unknown}
 q - a potion of haste {unknown}
 t - a potion of flight {unknown}
Books
 c - a book of Maledictions

   Spells                             Type                      Level
   a - Corona                         Hexes                        1
   b - Ensorcelled Hibernation        Hexes/Ice                    2
   c - Confuse                        Hexes                        3
   d - Tukima's Dance                 Hexes                        3
   e - Dazzling Spray                 Conjuration/Hexes            3


   Skills:
 - Level 1.1 Short Blades
 - Level 2.1 Dodging
 + Level 6.6 Stealth
 + Level 3.3 Spellcasting
 + Level 6.2 Hexes


You had 7 spell levels left.
You knew the following spells:

 Your Spells              Type           Power        Failure   Level  Hunger
a - Corona                Hex            ####...      1%          1    None
b - Ensorcelled Hibernat  Hex/Ice        ###...       8%          2    ##.....


Dungeon Overview and Level Annotations

Branches:
Dungeon (4/15)
 Temple: D:4-7

Altars:
Cheibriados
Elyvilon
Makhleb


Innate Abilities, Weirdness & Mutations

You heal slowly.
You have razor-sharp teeth.
You have supernaturally acute eyesight. (SInv)
You can survive without breathing.


Message History

You continue putting on your pair of gloves. x4
You finish putting on your +0 pair of gloves.
Something unseen opens the door.
An orc warrior comes into view. It is wielding a dire flail.
An orc warrior is nearby!
An orc warrior is nearby!
An orc warrior is nearby!
Casting: Ensorcelled Hibernation
Confirm with . or Enter, or press ? or * to list all spells.
Aiming: Ensorcelled Hibernation
Press: ? - help, Shift-Dir - straight line, f - orc warrior
Aim: an orc warrior, wielding a dire flail and wearing a chain mail (hasn't noticed you, chance to defeat MR: 47%)
The orc warrior shouts!
The orc warrior resists with some effort.
You hear a shout! x4
The orc warrior hits you with a dire flail!
You fail to use your ability.
The orc warrior hits you with a dire flail!!
Ouch! That really hurt!
You die...

##### #########...#
.........)..######
###.#.##.........#
#.#.##.#....##(#
###.#.##.........#####
.(..#.##.##..........#
.####.##.###.###@###.#
.####.##.###.###o# #.#
......##.........# #.#
.###########'##### #.# .# ##...##
#.# .### ##<....## #.### .#.##
##.....(.## #.#.##
....####.....†...###....#########
.......'.........'...............


You could see an orc warrior.

Vanquished Creatures
  A scorpion (D:3)
  Jessica (D:3)
  3 adders
  6 dart slugs
  3 giant geckos
  3 orcs (D:3)
  A ball python (D:2)
  11 bats
  A giant cockroach (D:3)
  4 goblins
  12 hobgoblins
  A giant newt (D:2)
  10 kobolds
  8 rats
65 creatures vanquished.

Notes
Turn   | Place    | Note
--------------------------------------------------------------
     0 | D:1      | oplop the Vampire Enchanter began the quest for the Orb.
     0 | D:1      | Reached XP level 1. HP: 13/13 MP: 3/3
   202 | D:1      | Reached skill level 5 in Stealth
   202 | D:1      | Reached XP level 2. HP: 10/19 MP: 5/5
   423 | D:1      | Learned a level 2 spell: Ensorcelled Hibernation
   933 | D:2      | Reached XP level 3. HP: 23/24 MP: 6/6
  1347 | D:2      | Reached skill level 5 in Hexes
  1688 | D:3      | Noticed Jessica
  1708 | D:3      | Killed Jessica
  1708 | D:3      | Reached XP level 4. HP: 8/30 MP: 5/8
  1754 | D:3      | Found a faded altar to an unknown god.
  1773 | D:3      | Found a white marble altar of Elyvilon.
  1773 | D:3      | Found a burning altar of Makhleb.
  1773 | D:3      | Found a snail-covered altar of Cheibriados.
  2065 | D:3      | Reached XP level 5. HP: 29/35 MP: 9/9
  2506 | D:4      | Noticed an orc warrior
  2511 | D:4      | Slain by an orc warrior

Vault maps used:
D:1:      nagdon_arrival_double_spiral, minmay_misc_feat_plants,
          minmay_stone_trees_small, hangedman_glass_teeth, minmay_door_square,
          minivault_14
D:2:      first_bread, hangedman_feature_mirror
D:3:      kennysheep_slugbush, nicolae_overflow_hidden_temple,
          gammafunk_temple_overflow_forgotten, ecumenical_altar_1,
          nrook_loot_triangle, uniq_jessica
D:4:      minmay_temple_entry_butterflies

Skill      XL: |  1  2  3  4 |
---------------+-------------+-----
Stealth        | 5 6 |  6.6
Hexes          | 5 6 |  6.2
Spellcasting   | 3 |  3.3
Short Blades   | |  1.1
Dodging        | |  2.1

Action                   |  1- 3 |  4- 6 || total
-------------------------+-------+-------++-------
Melee: Dagger            |   126 |    48 ||   174
       Bite              |     7 |     2 ||     9
 Cast: Corona            |     1 |       ||     1
       Ensorcelled Hiber |     7 |     8 ||    15
 Abil: End Transformatio |       |     1 ||     1
       Bat Form          |       |     1 ||     1
  Use: Potion            |       |     1 ||     1
 Stab: Sleeping          |    21 |    15 ||    36
Armor: Robe              |    37 |    10 ||    47
Dodge: Dodged            |    81 |    34 ||   115
